AoeStats
← El Fantasma de Pancho Villa

Pilgrims

508380973Analyzed
4v4 RM · 10d ago on Sep 22, 2026· 59m 40s· 8 players
Game mode
Random Map
Map size
Large (8 player)
Population
200
Speed
Normal
Resources
Standard
Victory
Conquest
Starting age
Dark Age
Ending age
Imperial Age
RankedLock teamsTeams togetherTeam positionsShared explorationLock speedFull tech treeHidden civsTurbo modeCheats
Victory
Defeat
🇲🇽 Vikings · Mexico
1284
+13
🇲🇽 Wu · Mexico
1247
+14
🇲🇽 Koreans · Mexico
1234
+15
🇲🇽 Berbers · Mexico
1215
+16
🇫🇷 Japanese · France
1242
-16
🇧🇪 Armenians · Belgium
1218
-15
🇺🇸 Cumans · United States
1189
-14
🇨🇳 Italians · China
1188
-13
Cryptomage
8:35 Loom
10:51 Feudal Age
12:32 Fishing Lines
12:50 Gold Mining
12:53 Double-Bit Axe
19:53 Castle Age
18:39 Horse Collar
22:51 Gold Shaft Mining
25:56 Wheelbarrow
25:25 Heavy Plow
25:54 Husbandry
26:48 Bloodlines
27:42 Bow Saw
29:40 Pikeman
30:21 Squires
33:44 Gambesons
37:51 Imperial Age
37:16 Scale Mail Armor
37:29 Forging
38:19 Chain Mail Armor
37:53 Halberdier
38:13 Capped Ram
40:10 Iron Casting
42:24 Plate Mail Armor
42:04 Elite Samurai
43:27 Kataparuto
42:59 Elite Skirmisher
43:45 Thumb Ring
44:32 Hand Cart
45:49 Padded Archer Armor
45:41 Fletching
46:51 Blast Furnace
47:14 Bodkin Arrow
49:47 Chemistry
49:17 Ballistics
51:21 Bracer
51:38 Leather Archer Armor
57:14 Guard Tower
57:20 Murder Holes
57:36 Fortified Wall
59:03 Keep
Heretic Prophet
7:45 Loom
12:52 Feudal Age
14:22 Double-Bit Axe
14:51 Fishing Lines
17:55 Castle Age
15:49 Fletching
19:19 Medium Warships
19:41 Bodkin Arrow
24:18 Horse Collar
24:28 Town Watch
26:48 Pikeman
28:39 Wheelbarrow
33:04 Gillnets
33:41 Bow Saw
37:08 Hand Cart
37:04 Padded Archer Armor
38:21 Leather Archer Armor
40:25 Elite Skirmisher
42:21 Ballistics
El Fantasma de Pancho Villa
11:00 Loom
14:11 Feudal Age
15:36 Man-at-Arms
19:09 Scale Mail Armor
29:01 Forging
34:34 Castle Age
33:10 Wheelbarrow
34:00 Double-Bit Axe
34:59 Bloodlines
34:38 Pikeman
36:08 Chain Mail Armor
38:13 Iron Casting
37:09 Capped Ram
Zarathustra
6:29 Loom
13:06 Feudal Age
13:46 Double-Bit Axe
13:53 Fishing Lines
18:52 Castle Age
17:07 Gold Mining
18:20 Fletching
19:45 Medium Warships
19:26 Gillnets
20:15 Bow Saw
23:18 Bodkin Arrow
27:39 Wheelbarrow
28:32 Padded Archer Armor
39:47 Imperial Age
39:03 Stone Mining
39:52 Elite Genoese Crossbowman
40:53 Conscription
46:36 Chemistry
47:20 Ballistics
49:35 Hoardings
53:08 Hand Cart
56:07 Masonry
55:43 Arrowslits
57:02 Two-Man Saw
MZTK | GaboxNet .i.
5:25 Loom
10:49 Feudal Age
11:32 Double-Bit Axe
11:45 Gold Mining
14:39 Fishing Lines
19:41 Castle Age
20:39 Medium Warships
20:52 Bow Saw
21:29 Gillnets
25:12 Imperial Age
23:23 Fletching
27:24 Elite Longship
30:07 Gold Shaft Mining
31:08 Bodkin Arrow
32:01 Careening
32:52 Chemistry
33:24 Bracer
33:47 Dry Dock
33:49 Ballistics
34:52 Clinker Construction
38:18 Conscription
39:10 Elite Berserk
39:54 Chieftains
39:56 Scale Mail Armor
40:06 Forging
45:46 Chain Mail Armor
46:07 Iron Casting
47:05 Plate Mail Armor
48:54 Coinage
50:25 Town Watch
55:24 Onager
58:31 Blast Furnace
57:33 Padded Archer Armor
58:12 Carvel Hull
57:43 Capped Ram
59:01 Fortified Wall
MZTK l ROD
7:33 Loom
12:27 Feudal Age
13:14 Double-Bit Axe
13:26 Gold Mining
18:06 Castle Age
17:37 Fletching
18:48 Bodkin Arrow
18:37 Fishing Lines
19:34 Medium Warships
21:40 Wheelbarrow
22:38 Forging
24:45 Ballistics
24:53 Fishing Lines
25:40 Gillnets
26:33 Siphons
26:49 Horse Collar
28:54 Bow Saw
30:03 Clinker Construction
31:05 Crossbowman
35:46 Imperial Age
35:53 Arbalester
37:49 Chemistry
38:44 Two-Man Saw
38:46 Conscription
40:42 Murder Holes
42:27 Arson
42:42 Squires
42:44 Scale Mail Armor
43:19 Iron Casting
42:45 Bracer
42:45 Padded Archer Armor
46:40 Chain Mail Armor
47:25 Blast Furnace
48:18 Plate Mail Armor
48:24 Hand Cart
47:57 Town Watch
50:32 Coinage
50:02 Caravan
52:07 Elite Skirmisher
54:22 Leather Archer Armor
54:48 Demolition Ship
MZTK | SIRO
9:15 Loom
13:33 Feudal Age
14:22 Double-Bit Axe
17:28 Castle Age
16:25 Gold Mining
18:11 Scale Barding Armor
18:17 Forging
19:42 Bloodlines
21:02 Wheelbarrow
28:12 Iron Casting
27:59 Horse Collar
29:17 Town Watch
41:28 Heavy Plow
42:49 Padded Archer Armor
42:39 Fletching
43:05 Town Patrol
43:21 Hand Cart
44:27 Stone Mining
45:13 Gold Shaft Mining
48:04 Imperial Age
48:14 Cavalier
49:26 Chain Barding Armor
52:54 Plate Barding Armor
53:19 Blast Furnace
53:28 Crop Rotation
53:10 Bow Saw
54:35 Conscription
MZTK | Vasmart
9:21 Loom
11:25 Feudal Age
15:42 Fletching
17:54 Castle Age
15:49 Double-Bit Axe
15:45 Horse Collar
16:26 Gold Mining
19:47 Medium Warships
19:34 Bodkin Arrow
24:04 Town Watch
24:55 Wheelbarrow
25:27 Gold Shaft Mining
44:36 Hand Cart
50:28 Imperial Age
48:23 Gambesons
47:59 Pikeman
48:40 Squires
48:25 Arson
48:51 Scale Mail Armor
49:02 Forging
50:02 Elite Skirmisher
51:21 Iron Casting
51:01 Chain Mail Armor
51:21 Thumb Ring
51:17 Bracer
53:35 Chemistry
53:46 Ballistics
53:38 Bracer
54:14 Iron Casting
53:54 Chain Mail Armor
53:01 Halberdier
54:22 Eupseong
54:44 Conscription
56:05 Arrowslits
Connection lost

Rejoining the realm…

Still unreachable

The connection could not be restored.

Session expired

The server has moved on; the page needs a fresh start.